 Dungeon Crawl Stone Soup version 0.24-a0-422-g9eff3895ba (webtiles) character file.

Game seed: 12784812090030290165

62 KristoblXynda the Slasher (level 3, 0/30 HPs)
             Began as a Draconian Gladiator on June 12, 2019.
             Slain by Grinder (6 damage)
             ... on level 3 of the Dungeon.
             The game lasted 00:02:33 (2007 turns).

KristoblXynda the Slasher (Draconian Gladiator)     Turns: 2007, Time: 00:02:34

Health: 0/30       AC:  5    Str: 21    XL:     3   Next: 85%
Magic:  3/3        EV: 13    Int: 14    God:
Gold:   73         SH:  0    Dex: 12    Spells: 2/2 levels left

rFire    . . .     SeeInvis .   a - +0 long sword
rCold    . . .     Gourm    .   (no shield)
rNeg     . . .     Faith    .   (armour unavailable)
rPois    .         Spirit   .   b - +0 hat
rElec    .         Reflect  .   (no cloak)
rCorr    .         Harm     .   (no gloves)
MR       .....                  (no boots)
Stlth    +.........             (no amulet)
HPRegen  0.10/turn              (no ring)
MPRegen  0.08/turn              (no ring)

@: mighty, brilliant, flying
A: unfitting armour, cold-blooded, AC +5
a: no special abilities


You were on level 3 of the Dungeon.
You were not hungry.

You visited 1 branch of the dungeon, and saw 3 of its levels.

You collected 73 gold pieces.

Inventory:

Hand Weapons
 a - a +0 long sword (weapon)
Missiles
 c - 3 throwing nets (quivered)
 j - 7 javelins
Armour
 b - a +0 hat (worn)
Jewellery
 r - an uncursed ring of see invisible {unknown}
Scrolls
 e - 2 scrolls of identify {unknown}
 i - 2 scrolls of enchant weapon {unknown}
 l - a scroll of magic mapping {unknown}
 m - a scroll of amnesia {unknown}
 n - a scroll of immolation {unknown}
 p - a scroll of remove curse {unknown}
 q - 2 scrolls of teleportation {unknown}
 s - a scroll of blinking {unknown}
 t - a scroll of enchant armour {unknown}
Potions
 g - a potion of cancellation {unknown}
 k - a potion of brilliance
 o - a potion of lignification {unknown}
 u - a potion of flight
Comestibles
 d - 2 rations


   Skills:
 + Level 2.9 Fighting
 * Level 3.6 Long Blades
 + Level 2.4 Throwing
 + Level 3.1 Dodging


You had 2 spell levels left.
You didn't know any spells.
Your spell library was empty.

Dungeon Overview and Level Annotations

Branches:
Dungeon (3/15)

Altars:

Annotations:
D:3 Grinder


Innate Abilities, Weirdness & Mutations

Your plain brown scales are hard. (AC +5)
You cannot fit into any form of body armour.
You are cold-blooded and may be slowed by cold attacks.


Message History

Grinder hits you.
You writhe in agony.
Grinder hits you.
* * * LOW HITPOINT WARNING * * *
You can move again.
Unknown command.
You hit Grinder.
Grinder is heavily wounded.
Grinder hits you.
* * * LOW HITPOINT WARNING * * *
You feel better. Grinder hits you.
You writhe in agony.
* * * LOW HITPOINT WARNING * * *
You feel better.
Grinder grins, showing sharp teeth.
Grinder gestures at you. Pain shoots through your body!
* * * LOW HITPOINT WARNING * * *
You slash Grinder!
Your tail-slap misses Grinder.
Grinder is almost dead.
Grinder hits you.
You die...

.$.#.########## ##
#......@5.)..(###
.#
....#..######.(.##
.# . ...(.
###.)#### .#
#.##### ##<...##.#
#.#.((# ####..#..
#.#...# ##.<##
#.##### ##...
#...... ####


You could see Grinder and 2 dancing weapons.

Vanquished Creatures
  An adder (D:2)
  A worm (D:2)
  4 dart slugs
  An orc (D:3)
  A ball python (D:1)
  6 goblins
  5 hobgoblins
  4 jackals (D:1)
  3 bats
  2 frilled lizards
  7 kobolds
  4 rats
39 creatures vanquished.

Vanquished Creatures (others)
  A kobold (D:3)
1 creature vanquished.

Grand Total: 40 creatures vanquished

Notes
Turn   | Place    | Note
-------+----------+-------------------------------------------
     0 | D:1      | KristoblXynda the Draconian Gladiator began the quest for
                  | the Orb.
     0 | D:1      | Reached XP level 1. HP: 17/17 MP: 1/1
   121 | D:1      | Reached XP level 2. HP: 18/25 MP: 2/2
   685 | D:1      | Reached XP level 3. HP: 21/30 MP: 3/3
  1965 | D:3      | Noticed Grinder
  1977 | D:3      | Noticed a +0 dagger
  1979 | D:3      | Noticed a +0 dagger
  1983 | D:3      | Paralysed by Grinder for 7 turns
  1999 | D:3      | Paralysed by Grinder for 5 turns
  2007 | D:3      | Slain by Grinder

Levels and vault maps discovered:
D:1:      dpeg_arrival_lava_altar, layout_loops_cross, minivault_19
D:2:      layout_loops_corners
D:3:      layout_rooms, dancing_weapons_uskayaw, fiery_altar_vehumet,
          marbit_many_paths, chequers_ecumenical_altar_simple_redux,
          fedhas_altar_fruit_tree, uniq_grinder

Skill      XL: |  1  2 |
---------------+-------+-----
Throwing       | 2 |  2.4
Dodging        | 3 |  3.1
Fighting       | |  2.9
Long Blades    | |  3.6

Action                   || total
-------------------------++-------
Melee: Long sword        ||    94
       Tailslap          ||    19
Throw: Throwing net      ||     1
  Use: Potion            ||     7
 Stab: Sleeping          ||     2
  Eat: Chunk             ||     2
       Ration            ||     1
Armor: Skin              ||    24
Dodge: Dodged            ||    92
       Rpst.: Long sword ||    29

Table legend:
 A = Non-vault XP
 B = Vault XP
 C = Vault XP percentage of total XP
 D = Non-vault monster count
 E = Vault monster count
 F = Vault count percentage of total count
                 A         B        C        D         E       F
            +---------+---------+-------+---------+---------+-------
      Total |      89 |       0 |   0.0 |      39 |       0 |   0.0
            +---------+---------+-------+---------+---------+-------
        D:1 |      43 |       0 |   0.0 |      23 |       0 |   0.0
        D:2 |      38 |       0 |   0.0 |      12 |       0 |   0.0
        D:3 |       8 |       0 |   0.0 |       4 |       0 |   0.0
            +---------+---------+-------+---------+---------+-------
